 Dungeon Crawl Stone Soup version 0.31-a0-177-g4aa6249778 (webtiles) character file.

Game seed: 1161037705387686383

760 qw the Chopper (level 7, -1/43 HPs)
             Began as a Gargoyle Fighter on June 18, 2023.
             Slain by a hound (5 damage)
             ... on level 6 of the Dungeon.
             The game lasted 00:01:39 (3220 turns).

qw the Chopper (Gargoyle Fighter)                   Turns: 3220, Time: 00:01:39

Health: -1/43      AC: 17    Str: 22    XL:     7   Next: 80%
Magic:  0/7        EV:  7    Int:  8    God:
Gold:   189        SH:  8    Dex:  9    Spells: 6/6 levels left

rFire   . . .        Y - +2 war axe
rCold   . . .        r - +0 kite shield
rNeg    + . .        g - +0 chain mail
rPois   inf          e - +0 helmet
rElec   +            f - +0 cloak
rCorr   +            o - +0 pair of gloves
SInv    .            (no boots)
Will    .....        t - amulet of guardian spirit Stlth
                     a - ring of resist corrosion
HPRegen 0.27/turn    (no ring)
MPRegen 0.10/turn

%: guardian spirit
@: no status effects
A: sickness immunity, AC +4, negative energy resistance 1, electricity
resistance, torment resistance 1, petrification resistance
a: no special abilities


You were on level 6 of the Dungeon.
You visited 1 branch of the dungeon, and saw 7 of its levels.

You collected 189 gold pieces.


Innate Abilities, Weirdness & Mutations

You are immune to sickness and miasma.
Your stone body is resilient. (AC +4)
You are immune to poison.
You resist negative energy. (rN+)
You are resistant to electric shocks. (rElec)
You are resistant to unholy torment.
You are immune to petrification.


   Skills:
 - Level 4.0 Fighting
 - Level 6.2 Axes
 - Level 3.2 Armour
 - Level 1.6 Dodging
 + Level 5.4 Shields


You had 6 spell levels left.
You didn't know any spells.
Your spell library was empty.

Inventory:

Hand Weapons
 u - a +3 heavy flail
 Y - a +2 war axe (weapon)
Armour
 e - a +0 helmet (worn)
 f - a +0 cloak (worn)
 g - a +0 chain mail (worn)
 o - a +0 pair of gloves (worn)
 r - a +0 kite shield (worn)
Jewellery
 a - a ring of resist corrosion (left hand)
 t - an amulet of guardian spirit (around neck)
Scrolls
 q - a scroll of identify
Potions
 d - a potion of might
 h - a potion of degeneration {unknown}
 j - a potion of curing
 k - a potion of enlightenment {unknown}
 l - a potion of attraction {unknown}
 n - a potion of mutation {unknown}
 p - a potion of berserk rage {unknown}
 s - a potion of invisibility {unknown}

Dungeon Overview and Level Annotations

Branches:
Dungeon (7/15)
 Temple: D:4-7

Altars:
Hepliaklqana
Vehumet

Shops:
D:6 *[


Message History

Found a transparent leather armour.
Found a stone staircase leading down.
3209 ||| READING 2 scrolls of teleportation.
As you read the scroll of teleportation, it crumbles to dust.
You feel strangely unstable.
You hit the sleepcap.
The sleepcap is lightly damaged.
You block the sleepcap's attack.
The sleepcap releases spores at you but does no damage.
You hit the sleepcap.
The sleepcap is moderately damaged.
Your surroundings suddenly seem different.
A bullfrog comes into view.
Found a scroll labelled EFULUI KI ETAE.
A hound comes into view.
The hound moves out of view.
3214 ||| READING scroll of teleportation.
As you read the scroll of teleportation, it crumbles to dust.
You feel strangely unstable. The bullfrog barely misses you.
You hit the bullfrog.
The bullfrog is lightly wounded.
The bullfrog hits you but does no damage. x2
You slash the bullfrog!
The bullfrog is heavily wounded.
You block the bullfrog's attack. x2
You slash the bullfrog!
The bullfrog is almost dead.
The bullfrog barely misses you. The bullfrog hits you.
You closely miss the bullfrog.
The bullfrog is almost dead.
Your surroundings suddenly seem different.
A hound comes into view.
The hound barks!
You miss the hound. You block the hound's attack.
The hound bites you but does no damage.
A sky beast comes into view.
You slash the hound!
The hound is almost dead.
You block the hound's attack. The hound bites you.
You die...

. .. ...##
.....## .......
.......######
.......@....#
.......#h......
..###.# .....##
## ..##.# ..Y
.# .... .
........ ##...
...... .... .
#.....


You could see a sky beast and a hound.

Vanquished Creatures
  Edmund (D:4)
  A water moccasin (D:7)
  A phantom (D:4)
  A howler monkey (D:5)
  A hound (D:4)
  2 orc priests
  Jessica (D:3)
  An iguana (D:4)
  Terence (D:3)
  2 orc wizards (D:7)
  Robin (D:4)
  4 adders
  5 shadow imps (D:4)
  4 white imps (D:4)
  4 ufetubi (D:4)
  A worm (D:4)
  A dart slug (D:2)
  3 orcs
  9 ball pythons
  3 bats
  2 endoplasms (D:3)
  4 giant cockroaches
  11 goblins
  10 hobgoblins
  3 jackals (D:3)
  3 quokkas
  2 frilled lizards
  2 kobolds
  2 rats
86 creatures vanquished.

Notes
Turn   | Place    | Note
-------+----------+-------------------------------------------
     0 | D:1      | qw the Gargoyle Fighter began the quest for the Orb.
     0 | D:1      | Reached XP level 1. HP: 14/14 MP: 1/1
     0 | D:1      | 0 ||| qw: Version: 0.3-a-7-ge0c9b40
     0 | D:1      | 0 ||| qw: Game counter: 721
     0 | D:1      | 0 ||| qw: Always use a shield: true
     0 | D:1      | 0 ||| qw: God list: Okawaru
     0 | D:1      | 0 ||| qw: Allow faded altars: false
     0 | D:1      | 0 ||| qw: Do Orc after D:15 true
     0 | D:1      | 0 ||| qw: Do second Lair branch before Depths: true
     0 | D:1      | 0 ||| qw: Lair rune preference: random
     0 | D:1      | 0 ||| qw: Plans: Normal, Zot:1-4, Slime:5, God:TSO, Crypt,
                  | Tomb, Abyss, Pan, Hells, Win
     0 | D:1      | 0 ||| PLANNING D:1-11
    47 | D:1      | Reached skill level 2 in Axes
   100 | D:1      | Reached XP level 2. HP: 19/19 MP: 2/2
   659 | D:1      | 659 ||| UPGRADING to +0 helmet.
   664 | D:1      | 664 ||| UPGRADING to +0 cloak.
   669 | D:1      | 669 ||| UPGRADING to +0 chain mail.
   679 | D:1      | 679 ||| DROPPING +0 scale mail.
   680 | D:1      | 680 ||| READING scroll labelled ZUS KUJUALUWUZ.
   683 | D:1      | 683 ||| READING scroll labelled UNKIEMPIFU.
   684 | D:1      | 684 ||| DRINKING 2 viscous blue potions.
   731 | D:2      | Found a radiant altar of Vehumet.
   760 | D:2      | Reached skill level 3 in Axes
   770 | D:2      | 770 ||| Stepping ~*~*~tactically~*~*~ (stealth).
   792 | D:2      | 792 ||| DROPPING +0 club.
   894 | D:2      | Identified the +0 ring mail "Ugitt" {+Inv rC- rN++ Str+3}
   956 | D:2      | Reached XP level 3. HP: 23/23 MP: 3/3
  1160 | D:2      | 1160 ||| UPGRADING to +0 pair of gloves.
  1165 | D:2      | 1165 ||| DROPPING +0 ring mail "Ugitt" {+Inv rC- rN++
                  | Str+3}.
  1166 | D:2      | 1166 ||| READING scroll labelled ROPLIXZULL.
  1167 | D:2      | 1167 ||| READING scroll labelled GEQAME UMUDEWN.
  1168 | D:2      | 1168 ||| READING scroll labelled ZEMAGO VYBO.
  1269 | D:2      | 1269 ||| READING scroll labelled BYKLEDGHA WUHICA.
  1270 | D:2      | 1270 ||| READING scroll labelled REOGUT NEXTE.
  1373 | D:3      | Noticed Terence
  1388 | D:3      | Killed Terence
  1389 | D:3      | Reached XP level 4. HP: 8/28 MP: 4/4
  1543 | D:3      | Noticed Jessica
  1550 | D:3      | Killed Jessica
  1551 | D:3      | Reached skill level 4 in Axes
  1807 | D:3      | 1807 ||| Stepping ~*~*~tactically~*~*~ (stealth).
  1808 | D:3      | 1808 ||| Stepping ~*~*~tactically~*~*~ (stealth).
  1811 | D:3      | 1811 ||| Stepping ~*~*~tactically~*~*~ (stealth).
  1815 | D:3      | 1815 ||| Stepping ~*~*~tactically~*~*~ (stealth).
  1826 | D:3      | 1826 ||| Stepping ~*~*~tactically~*~*~ (stealth).
  1959 | D:3      | 1959 ||| READING scroll of enchant weapon.
  1959 | D:3      | 1959 ||| ENCHANTING +1 war axe.
  2105 | D:3      | 2105 ||| UPGRADING to ring of resist corrosion.
  2108 | D:3      | 2108 ||| Stepping ~*~*~tactically~*~*~ (stealth).
  2151 | D:4      | 2151 ||| Stepping ~*~*~tactically~*~*~ (stealth).
  2159 | D:4      | Reached XP level 5. HP: 31/32 MP: 5/5
  2205 | D:4      | Found a hazy altar of Hepliaklqana.
  2217 | D:4      | Reached skill level 5 in Axes
  2312 | D:4      | 2312 ||| Stepping ~*~*~tactically~*~*~ (hiding).
  2420 | D:4      | Noticed Robin
  2425 | D:4      | Noticed Edmund
  2437 | D:4      | Killed Robin
  2438 | D:4      | Reached XP level 6. HP: 33/38 MP: 6/6
  2478 | D:4      | Killed Edmund
  2479 | D:4      | Reached skill level 6 in Axes
  2491 | D:4      | HP: 8/38 [phantom (3)]
  2492 | D:4      | 2492 ||| READING 2 scrolls of teleportation.
  2493 | D:4      | 2493 ||| DRINKING potion of heal wounds.
  2495 | D:4      | Reached skill level 1 in Dodging
  2495 | D:4      | Reached XP level 7. HP: 34/43 MP: 7/7
  2605 | D:4      | 2605 ||| Stepping ~*~*~tactically~*~*~ (hiding).
  2738 | D:4      | 2738 ||| DROPPING +0 whip.
  2817 | D:4      | 2817 ||| UPGRADING to +0 kite shield.
  2827 | D:4      | 2827 ||| DROPPING +0 buckler.
  2828 | D:4      | 2828 ||| UPGRADING to amulet of guardian spirit.
  2833 | D:4      | 2833 ||| READING scroll labelled XIHOEC LUREJIJ.
  2843 | D:5      | Entered Level 5 of the Dungeon
  2896 | D:5      | You fall into a shaft and drop 2 floors!
  3184 | D:7      | 3184 ||| DRINKING 2 orange potions.
  3192 | D:6      | Found Bykhe's Antique Armour Shop.
  3192 | D:6      | Found Penlir's General Store.
  3205 | D:6      | HP: 10/43 [electric eel/bolt of electricity (3)]
  3206 | D:6      | 3206 ||| READING 3 scrolls of teleportation.
  3206 | D:6      | HP: 3/43 [electric eel/bolt of electricity (2)]
  3207 | D:6      | HP: 1/43 [water moccasin (2)]
  3209 | D:6      | 3209 ||| READING 2 scrolls of teleportation.
  3214 | D:6      | 3214 ||| READING scroll of teleportation.
  3217 | D:6      | HP: 3/43 [bullfrog (1)]
  3220 | D:6      | Slain by a hound

Levels and vault maps discovered:
D:1:      dpeg_arrival_rhombus, layout_loops_ring
D:2:      layout_rooms, basic_altar
D:3:      layout_basic, uniq_terence, uniq_jessica
D:4:      layout_basic, mainiacjoe_overflow_six_doors_small, serial_demonic,
          serial_demonic_g, serial_demonic_f, serial_demonic_d,
          serial_demonic_a, serial_demonic_d, serial_demonic_c, uniq_robin,
          uniq_edmund
D:5:      due_chaos_kobolds, layout_loops_ring, general_overflow_altar,
          mainiacjoe_overflow_concentric_impassable,
          nicolae_overflow_hidden_temple
D:6:      layout_cave_pools, temple_fountains, minivault_22,
          minmay_misc_feat_cross, eino_small_chamber_without_monster,
          kennysheep_path_1, roderic_roman_lattice,
          nicolae_shop_national_dungeon_mall, uniq_grinder
D:7:      layout_loops_corners, enter_bailey_4, uniq_duvessa

Skill      XL: |  1  2  3  4  5  6  7 |
---------------+----------------------+-----
Axes           | 2 3 4 5 6 |  6.2
Fighting       | 4 |  4.0
Dodging        | 1 |  1.6
Shields        | 5 |  5.4
Armour         | |  3.2

Action                     |  1- 3 |  4- 6 |  7- 9 || total
---------------------------+-------+-------+-------++-------
  Melee: War axe           |    72 |   141 |    75 ||   288
    Use: Scroll            |     7 |     2 |     4 ||    13
         Potion            |     1 |     1 |     1 ||     3
 Armour: Scale mail        |    22 |       |       ||    22
         Chain mail        |    11 |   108 |    52 ||   171
  Dodge: Dodged            |    28 |    62 |    29 ||   119
  Block: Buckler           |    12 |    24 |     3 ||    39
         Kite shield       |       |       |    33 ||    33

Table legend:
 A = Non-vault XP
 B = Vault XP
 C = Vault XP percentage of total XP
 D = Non-vault monster count
 E = Vault monster count
 F = Vault count percentage of total count
                 A         B        C        D         E       F
            +---------+---------+-------+---------+---------+-------
      Total |     676 |     410 |  37.8 |      57 |      29 |  33.7
            +---------+---------+-------+---------+---------+-------
        D:1 |      29 |       0 |   0.0 |      16 |       0 |   0.0
        D:2 |      13 |       0 |   0.0 |       7 |       0 |   0.0
        D:3 |      31 |      73 |  70.2 |      12 |       2 |  14.3
        D:4 |     244 |     337 |  58.0 |      13 |      27 |  67.5
        D:5 |      55 |       0 |   0.0 |       1 |       0 |   0.0
        D:6 |      44 |       0 |   0.0 |       2 |       0 |   0.0
        D:7 |     260 |       0 |   0.0 |       6 |       0 |   0.0
            +---------+---------+-------+---------+---------+-------
